[Event "Israeli Open Championship 2019"]
[Site "Jerusalem"]
[Date "2019.12.12"]
[Round "1.3"]
[White "Goni Ducay, Victor M."]
[Black "Bulkovstein, David"]
[Result "1-0"]
[ECO "A04"]
[WhiteElo "2187"]
[BlackElo "1889"]
[Annotator "ChessBase"]
[PlyCount "79"]
[EventDate "2019.12.12"]
[EventType "swiss"]
[EventCountry "ISR"]
[SourceTitle "playchess.com"]
[Source "ChessBase"]
[SourceQuality "1"]
[TimeControl "5400+30"]

1. Nf3 f5 2. d3 Nf6 3. e4 d6 4. exf5 Bxf5 5. d4 e6 6. Bd3 Bxd3 7. Qxd3 Nc6 8. Qb3 Qd7 9. Qxb7 Rb8 10. Qa6 Be7 11. O-O O-O 12. c3 Nd5 13. Qd3 Rf5 14. Re1 Rbf8 15. Qe4 Nd8 16. Be3 Qb5 17. Qc2 Qe8 18. Qe2 Qh5 19. Nbd2 Nf6 20. h3 Nd5 21. Nh2 Qf7 22. Ndf3 Rh5 23. Bd2 h6 24. Qe4 Rf5 25. Re2 c6 26. Rae1 Nf4 27. Bxf4 Rxf4 28. Qd3 a5 29. Re4 Rf5 30. Nf1 Rb5 31. b3 Bf6 32. Ng3 Re8 33. c4 Rb7 34. Rf4 Qd7 35. Qg6 Rf8 36. Nh5 Bg5 37. Nxg5 Rxf4 38. Qh7+ Kf8 39. Qh8+ Ke7 40. Nxf4 1-0

[Event "Israeli Open Championship 2019"]
[Site "Jerusalem"]
[Date "2019.12.12"]
[Round "1.4"]
[White "Uritsky, Yonathan"]
[Black "Baron, Tal"]
[Result "1-0"]
[ECO "B68"]
[WhiteElo "1881"]
[BlackElo "2541"]
[Annotator "RC"]
[PlyCount "65"]
[EventDate "2019.12.12"]
[EventType "swiss"]
[EventCountry "ISR"]
[SourceTitle "playchess.com"]
[Source "ChessBase"]
[SourceQuality "1"]
[TimeControl "5400+30"]

1. e4 c5 2. Nf3 Nc6 3. d4 cxd4 4. Nxd4 Nf6 5. Nc3 d6 6. Bg5 e6 7. Qd2 a6 8. O-O-O Bd7 9. f4 Be7 10. Be2 Qc7 11. Bf3 Rd8 12. Rhe1 h6 13. Bh4 Nxd4 14. Qxd4 Bc6 15. Bf2 O-O 16. g4 e5 17. Qb6 Qc8 18. f5 Nd7 19. Qa5 Rfe8 20. h4 b6 21. Bxb6 Nxb6 22. Qxb6 Bxh4 23. Rh1 Bg5+ 24. Kb1 Re7 25. Be2 Rb7 26. Qxa6 Be3 27. Rh3 Bd4 28. g5 hxg5 29. Rdh1 Kf8 30. Rh8+ Ke7 31. Rxd8 Kxd8 32. Rh8+ Be8 33. Bb5 1-0

[Event "Israeli Open Championship 2019"]
[Site "Jerusalem"]
[Date "2019.12.12"]
[Round "1.8"]
[White "Sobel, Alon"]
[Black "Gorodetzky, David"]
[Result "0-1"]
[ECO "E32"]
[WhiteElo "1804"]
[BlackElo "2483"]
[Annotator "ChessBase"]
[PlyCount "108"]
[EventDate "2019.12.12"]
[EventType "swiss"]
[EventCountry "ISR"]
[SourceTitle "playchess.com"]
[Source "ChessBase"]
[SourceQuality "1"]
[TimeControl "5400+30"]

1. d4 Nf6 2. c4 e6 3. Nc3 Bb4 4. Qc2 O-O 5. Bg5 d6 6. Nf3 Nbd7 7. e3 b6 8. Be2 Bb7 9. O-O Bxc3 10. bxc3 c5 11. Rac1 Qc7 12. Nd2 Rfe8 13. f3 Rac8 14. e4 cxd4 15. cxd4 e5 16. Nb3 h6 17. Bxf6 Nxf6 18. Qb2 Qe7 19. Na1 Nh5 20. g3 Qg5 21. d5 Nf4 22. Kf2 Nxe2 23. Qxe2 Ba6 24. Nb3 Rc7 25. Rc2 Rec8 26. Rfc1 Qd8 27. Qd3 Qd7 28. Nd2 Rf8 29. Nf1 Bc8 30. Ne3 Qh3 31. Kg1 f5 32. Nd1 Rcf7 33. Nf2 Qh5 34. Re1 fxe4 35. fxe4 Rxf2 36. Rxf2 Rxf2 37. Kxf2 Qxh2+ 38. Ke3 Bg4 39. Ra1 h5 40. a4 h4 41. a5 h3 42. Qf1 Qxg3+ 43. Kd2 h2 44. axb6 axb6 45. Ra8+ Kh7 46. Qf8 Qg2+ 47. Kc3 Qf3+ 48. Qxf3 Bxf3 49. Ra1 Bg4 50. Ra8 Bf3 51. Ra1 h1=Q 52. Rxh1+ Bxh1 53. Kb4 Bxe4 54. Kb5 Bd3 0-1

[Event "Israeli Open Championship 2019"]
[Site "Jerusalem"]
[Date "2019.12.12"]
[Round "1.9"]
[White "Dvoirys, Semen I."]
[Black "Gunders, Elad"]
[Result "1-0"]
[ECO "B48"]
[WhiteElo "2467"]
[BlackElo "1803"]
[Annotator "ChessBase"]
[PlyCount "51"]
[EventDate "2019.12.12"]
[EventType "swiss"]
[EventCountry "ISR"]
[SourceTitle "playchess.com"]
[Source "ChessBase"]
[SourceQuality "1"]
[TimeControl "5400+30"]

1. e4 c5 2. Nf3 e6 3. d4 cxd4 4. Nxd4 Nf6 5. Nc3 Nc6 6. a3 Be7 7. Be2 a6 8. O-O O-O 9. Be3 Qc7 10. f4 d6 11. Kh1 b5 12. Qe1 Rd8 13. Nxc6 Qxc6 14. e5 Nd5 15. Nxd5 exd5 16. Bd3 dxe5 17. fxe5 d4 18. Qf2 dxe3 19. Qxf7+ Kh8 20. Qxe7 Bb7 21. Rf3 Re8 22. Qg5 Qc7 23. Rxe3 Rf8 24. Rh3 Qf7 25. Rxh7+ Kg8 26. Rh8+ 1-0

[Event "Israeli Open Championship 2019"]
[Site "Jerusalem"]
[Date "2019.12.12"]
[Round "1.10"]
[White "Yehoshua, Azgad"]
[Black "Birnboim, Nathan"]
[Result "0-1"]
[ECO "C01"]
[WhiteElo "1746"]
[BlackElo "2393"]
[Annotator "ChessBase"]
[PlyCount "41"]
[EventDate "2019.12.12"]
[EventType "swiss"]
[EventCountry "ISR"]
[SourceTitle "playchess.com"]
[Source "ChessBase"]
[SourceQuality "1"]
[TimeControl "5400+30"]

1. e4 e6 2. d4 d5 3. exd5 exd5 4. Bd3 Nc6 5. c3 Bd6 6. Ne2 Qf6 7. Na3 a6 8. Ng3 Kf8 9. O-O h5 10. Nc2 Nce7 11. Be3 Ng6 12. f4 Bg4 13. Qd2 N6e7 14. f5 Bxg3 15. hxg3 Bxf5 16. Bxf5 Nxf5 17. Bg5 Qg6 18. Qf4 Nd6 19. Rae1 Qxc2 20. Rf2 Qg6 21. Rfe2 {[%emt 0:01:08] Ke8} 0-1

[Event "Israeli Open Championship 2019"]
[Site "Jerusalem"]
[Date "2019.12.12"]
[Round "1.11"]
[White "Iliaguev, Nisim"]
[Black "Freiman, Mark"]
[Result "1-0"]
[ECO "E07"]
[WhiteElo "2275"]
[BlackElo "1724"]
[Annotator "ChessBase"]
[PlyCount "71"]
[EventDate "2019.12.12"]
[EventType "swiss"]
[EventCountry "ISR"]
[SourceTitle "playchess.com"]
[Source "ChessBase"]
[SourceQuality "1"]
[TimeControl "5400+30"]

1. d4 Nf6 2. c4 e6 3. g3 d5 4. Bg2 c6 5. Nf3 Be7 6. O-O O-O 7. Nc3 Nbd7 8. Nd2 Qb6 9. c5 Qd8 10. e4 dxe4 11. Ndxe4 Nxe4 12. Nxe4 Nf6 13. Be3 Nxe4 14. Bxe4 Bf6 15. Qd3 h6 16. b4 e5 17. d5 cxd5 18. Qxd5 Qxd5 19. Bxd5 Rd8 20. Rfd1 Bg4 21. Rd2 Rab8 22. b5 Rxd5 23. Rxd5 Be6 24. Rd2 Rc8 25. Rc1 b6 26. c6 Be7 27. a4 Bb4 28. Rd3 Bf5 29. Rd5 f6 30. Rcd1 Kf7 31. Rd8 Rc7 32. Rb8 Ke7 33. Rb7 Bd6 34. a5 bxa5 35. Bxa7 Rxb7 36. cxb7 1-0

[Event "Israeli Open Championship 2019"]
[Site "Jerusalem"]
[Date "2019.12.12"]
[Round "1.12"]
[White "Sobel, Ido"]
[Black "Gorodetzky, Matan"]
[Result "0-1"]
[ECO "B22"]
[WhiteElo "1711"]
[BlackElo "2284"]
[Annotator "ChessBase"]
[PlyCount "118"]
[EventDate "2019.12.12"]
[EventType "swiss"]
[EventCountry "ISR"]
[SourceTitle "playchess.com"]
[Source "ChessBase"]
[SourceQuality "1"]
[TimeControl "5400+30"]

1. e4 e6 2. d4 d5 3. exd5 exd5 4. Bd3 Nf6 5. Nf3 c5 6. c3 c4 7. Bc2 Bg4 8. O-O Be7 9. h3 Bh5 10. Bf4 O-O 11. Re1 Nc6 12. Nbd2 Bd6 13. Be5 Re8 14. Qb1 Bg6 15. Re3 Qc7 16. Bxg6 hxg6 17. Qe1 Ne7 18. g4 Qd7 19. Qe2 Kf8 20. Ng5 Neg8 21. Re1 Be7 22. f4 a5 23. Ndf3 Rec8 24. Nh4 Ne4 25. Rxe4 dxe4 26. Qxe4 Bxg5 27. fxg5 Ne7 28. Bxg7+ Kxg7 29. Qxe7 Qxe7 30. Rxe7 Re8 31. Rxe8 Rxe8 32. Kf2 Re6 33. Nf3 Rb6 34. Ke3 Rxb2 35. d5 Kf8 36. Kd4 Rxa2 37. Kxc4 a4 38. Kb4 Ra1 39. Nd4 a3 40. Nc2 Rd1 41. Nxa3 Rxd5 42. Nc4 Ke7 43. Na5 Rd1 44. Kc5 Rb1 45. Nc4 Rh1 46. Ne3 Rxh3 47. Nd5+ Kd7 48. c4 Rb3 49. Kd4 Ke6 50. Nf4+ Kd6 51. c5+ Kc6 52. Nd3 Rxd3+ 53. Kxd3 Kxc5 54. Ke4 b5 55. Ke5 b4 56. Kf6 b3 57. Kxf7 b2 58. Kxg6 b1=Q+ 59. Kh6 Kd6 0-1

[Event "Israeli Open Championship 2019"]
[Site "Jerusalem"]
[Date "2019.12.12"]
[Round "1.13"]
[White "Friedland, Moshe"]
[Black "Leor, Ephraim"]
[Result "1-0"]
[ECO "B06"]
[WhiteElo "2267"]
[BlackElo "1704"]
[Annotator "ChessBase"]
[PlyCount "65"]
[EventDate "2019.12.12"]
[EventType "swiss"]
[EventCountry "ISR"]
[SourceTitle "playchess.com"]
[Source "ChessBase"]
[SourceQuality "1"]
[TimeControl "5400+30"]

1. e4 g6 2. d4 Bg7 3. Nc3 d6 4. Bg5 Nd7 5. Nf3 h6 6. Bf4 e5 7. dxe5 dxe5 8. Be3 Ngf6 9. h3 O-O 10. Qd2 Kh7 11. O-O-O Qe7 12. g4 Nc5 13. Bd3 Rd8 14. Qe2 c6 15. g5 Ng8 16. Bc4 Ne6 17. gxh6 Bf6 18. Rxd8 Qxd8 19. h4 b5 20. Bb3 a5 21. a4 Nd4 22. Bxd4 exd4 23. e5 dxc3 24. exf6 cxb2+ 25. Kb1 Nxh6 26. Ng5+ Kg8 27. Rd1 Qf8 28. h5 Bg4 29. f3 Qa3 30. Ba2 Bf5 31. Qe7 Bxc2+ 32. Kxc2 Qxa2 33. Rd8+ 1-0

[Event "Israeli Open Championship 2019"]
[Site "Jerusalem"]
[Date "2019.12.12"]
[Round "1.14"]
[White "Cohen, Moshe"]
[Black "Cohen Revivo, Shoham"]
[Result "0-1"]
[ECO "C10"]
[WhiteElo "1697"]
[BlackElo "2261"]
[Annotator "ChessBase"]
[PlyCount "122"]
[EventDate "2019.12.12"]
[EventType "swiss"]
[EventCountry "ISR"]
[SourceTitle "playchess.com"]
[Source "ChessBase"]
[SourceQuality "1"]
[TimeControl "5400+30"]

1. e4 e6 2. Nc3 d5 3. Nf3 c5 4. exd5 exd5 5. d4 Nf6 6. Bg5 Be7 7. Bb5+ Nc6 8. Ne5 Qd6 9. O-O O-O 10. Bxc6 bxc6 11. Bf4 cxd4 12. Ng6 Qd8 13. Nxe7+ Qxe7 14. Qxd4 Re8 15. h3 c5 16. Qd3 d4 17. Nb5 Ba6 18. a4 Nd5 19. Qf3 Rad8 20. Rae1 Qxe1 21. Rxe1 Rxe1+ 22. Kh2 Bxb5 23. axb5 Nxf4 24. Qxf4 Rc8 25. Qf5 Re6 26. Qd5 Rb6 27. c3 dxc3 28. Qd7 Rcb8 29. bxc3 R6b7 30. Qc6 Rxb5 31. Qa6 R8b7 32. c4 R5b6 33. Qa5 Rc7 34. f4 h6 35. f5 Rbc6 36. h4 a6 37. f6 gxf6 38. Qc3 Re7 39. Qg3+ Kf8 40. Qf4 f5 41. Qxf5 Ree6 42. Qd3 Rcd6 43. Qf3 Rd4 44. Qb3 Rxh4+ 45. Kg3 Rhe4 46. Qb8+ Kg7 47. Kh2 Rg4 48. Qb2+ Kg8 49. Qb8+ Kh7 50. Qc7 Kg7 51. Qxc5 Re2 52. Qd6 Rexg2+ 53. Kh3 R4g3+ 54. Kh4 Rg6 55. Qe5+ Kh7 56. c5 R2g5 57. Qf4 Kg8 58. Qb8+ Kg7 59. Qb2+ Kh7 60. Qc2 Rg2 61. Qc4 Rh2# 0-1

[Event "Israeli Open Championship 2019"]
[Site "Jerusalem"]
[Date "2019.12.12"]
[Round "1.15"]
[White "Lahav, Michal"]
[Black "Lukovski, Lev"]
[Result "1-0"]
[ECO "B07"]
[WhiteElo "2244"]
[BlackElo "1697"]
[Annotator "ChessBase"]
[PlyCount "81"]
[EventDate "2019.12.12"]
[EventType "swiss"]
[EventCountry "ISR"]
[SourceTitle "playchess.com"]
[Source "ChessBase"]
[SourceQuality "1"]
[TimeControl "5400+30"]

1. e4 d6 2. d4 Nf6 3. Nc3 Nbd7 4. g3 e5 5. Nge2 c6 6. Bg2 Be7 7. O-O O-O 8. a4 a5 9. h3 Re8 10. Be3 Bf8 11. g4 h6 12. Ng3 exd4 13. Bxd4 Ne5 14. Nce2 Be6 15. b3 c5 16. Bc3 Qc7 17. f4 Nc6 18. Bxf6 gxf6 19. Nh5 Be7 20. Qd2 Kh7 21. e5 f5 22. gxf5 Bxf5 23. Neg3 Bg6 24. Nf6+ Bxf6 25. exf6 d5 26. Qf2 Nd4 27. f5 Qxg3 28. Qxg3 Ne2+ 29. Kh2 Nxg3 30. fxg6+ Kxg6 31. Kxg3 Re3+ 32. Rf3 Rae8 33. Rxe3 Rxe3+ 34. Kf4 d4 35. Bxb7 Rxh3 36. Bf3 Kxf6 37. Rf1 Rh2 38. Kg3 Rd2 39. Be4+ Ke5 40. Bd3 f6 41. Rf5+ 1-0

[Event "Israeli Open Championship 2019"]
[Site "Jerusalem"]
[Date "2019.12.12"]
[Round "1.16"]
[White "Elsner, Yair"]
[Black "Tifferet, Shaked"]
[Result "0-1"]
[ECO "A50"]
[WhiteElo "1585"]
[BlackElo "2232"]
[Annotator "ChessBase"]
[PlyCount "50"]
[EventDate "2019.12.12"]
[EventType "swiss"]
[EventCountry "ISR"]
[SourceTitle "playchess.com"]
[Source "ChessBase"]
[SourceQuality "1"]
[TimeControl "5400+30"]

1. Nf3 Nf6 2. c4 g6 3. d4 Bg7 4. g3 b6 5. Bg2 Bb7 6. O-O O-O 7. Re1 e6 8. Bg5 h6 9. Bf4 d6 10. Nc3 Ne4 11. Nxe4 Bxe4 12. Qd2 g5 13. Be3 f5 14. Red1 Nd7 15. h4 f4 16. gxf4 gxh4 17. f5 Rxf5 18. Bxh6 Rh5 19. Bxg7 h3 20. Bh1 h2+ 21. Kg2 Qh4 22. Kf1 Qg4 23. Nxh2 Rxh2 24. Bxe4 Qxe4 25. f3 Qh4 {[%emt 0:30:17] Ke1} 0-1

[Event "Israeli Open Championship 2019"]
[Site "Jerusalem"]
[Date "2019.12.12"]
[Round "1.17"]
[White "Shtemler, Lavi"]
[Black "Klein, Achi"]
[Result "1-0"]
[ECO "D79"]
[WhiteElo "2181"]
[BlackElo "1622"]
[Annotator "ChessBase"]
[PlyCount "37"]
[EventDate "2019.12.12"]
[EventType "swiss"]
[EventCountry "ISR"]
[SourceTitle "playchess.com"]
[Source "ChessBase"]
[SourceQuality "1"]
[TimeControl "5400+30"]

1. g3 Nf6 2. Bg2 g6 3. Nf3 Bg7 4. c4 O-O 5. Nc3 c6 6. O-O d5 7. cxd5 cxd5 8. d4 e6 9. Bf4 a6 10. Qb3 Nc6 11. Rfd1 h6 12. Ne5 Nxe5 13. Bxe5 Ne8 14. Rac1 Bxe5 15. dxe5 Qe7 16. e4 dxe4 17. Nxe4 Rb8 18. Qb6 h5 19. Qa7 1-0

[Event "Israeli Open Championship 2019"]
[Site "Jerusalem"]
[Date "2019.12.12"]
[Round "1.18"]
[White "Golberg, Igor"]
[Black "Tadmor, Maya"]
[Result "1-0"]
[ECO "D85"]
[WhiteElo "2156"]
[BlackElo "1599"]
[Annotator "ChessBase"]
[PlyCount "51"]
[EventDate "2019.12.12"]
[EventType "swiss"]
[EventCountry "ISR"]
[SourceTitle "playchess.com"]
[Source "ChessBase"]
[SourceQuality "1"]
[TimeControl "5400+30"]

1. d4 Nf6 2. c4 g6 3. Nc3 d5 4. cxd5 Nxd5 5. e4 Nxc3 6. bxc3 Bg7 7. Nf3 c5 8. Rb1 O-O 9. Qd2 Qc7 10. Be2 Rd8 11. O-O cxd4 12. cxd4 Nc6 13. Bb2 Nxd4 14. Bxd4 e5 15. Qc3 Qe7 16. Bxe5 Bxe5 17. Qxe5 Qxe5 18. Nxe5 Re8 19. f4 f6 20. Ng4 Bxg4 21. Bxg4 Rxe4 22. Rxb7 f5 23. Bf3 Ree8 24. Rd1 Red8 25. Rxd8+ Rxd8 26. Rxa7 1-0

[Event "Israeli Open Championship 2019"]
[Site "Jerusalem"]
[Date "2019.12.13"]
[Round "2.9"]
[White "Birnboim, Nathan"]
[Black "Slonimskij, Arkadij"]
[Result "1-0"]
[ECO "B06"]
[WhiteElo "2393"]
[BlackElo "2133"]
[Annotator "RC"]
[PlyCount "66"]
[EventDate "2019.12.12"]
[EventType "swiss"]
[EventCountry "ISR"]
[SourceTitle "playchess.com"]
[Source "ChessBase"]
[SourceQuality "1"]
[TimeControl "5400+30"]

1. d4 g6 2. e4 Bg7 3. Nf3 d6 4. Nc3 Nd7 5. Bc4 c6 6. O-O Nb6 7. Bb3 d5 8. h3 e6 9. Bg5 Ne7 10. Re1 h6 11. Bh4 g5 12. Bg3 a5 13. a4 f5 14. exf5 Nxf5 15. Ne2 O-O 16. c3 Nd7 17. Bc2 Nf6 18. Ne5 Ne4 19. Bxe4 dxe4 20. Bh2 e3 21. fxe3 Nxe3 22. Qd3 Nf5 23. Ng3 Bxe5 24. Rxe5 Bd7 25. Rae1 Rf7 26. Qe2 Ng7 27. Ne4 Qf8 28. h4 gxh4 29. Qg4 Kh8 30. Qg6 Nf5 31. Rxf5 Rxf5 32. Nd6 h3 33. Nxf5 Qd8 1-0

[Event "Israeli Open Championship 2019"]
[Site "Jerusalem"]
[Date "2019.12.13"]
[Round "2.10"]
[White "Tsirilman, Guy"]
[Black "Iliaguev, Nisim"]
[Result "0-1"]
[ECO "A07"]
[WhiteElo "1975"]
[BlackElo "2275"]
[Annotator "RC"]
[PlyCount "102"]
[EventDate "2019.12.12"]
[EventType "swiss"]
[EventCountry "ISR"]
[SourceTitle "playchess.com"]
[Source "ChessBase"]
[SourceQuality "1"]
[TimeControl "5400+30"]

1. Nf3 Nf6 2. g3 d5 3. Bg2 Bf5 4. O-O e6 5. d3 Be7 6. Nbd2 O-O 7. Nh4 Bg4 8. h3 Bh5 9. g4 Nfd7 10. Nf5 exf5 11. gxh5 Nc5 12. Nb3 Ne6 13. e3 c6 14. Nd4 Nxd4 15. exd4 Bg5 16. Qf3 Bxc1 17. Raxc1 Qg5 18. c4 dxc4 19. dxc4 Nd7 20. Qg3 Qxh5 21. d5 Rac8 22. dxc6 bxc6 23. Qd6 Nf6 24. Rcd1 Qe2 25. b3 Qxa2 26. Qd3 Qa5 27. Ra1 Qb6 28. Qxf5 Qxb3 29. Qc5 Rc7 30. Ra3 Qb6 31. Qxb6 axb6 32. Ra6 Rb8 33. Rb1 Nd7 34. Rd1 g6 35. Rd6 Ne5 36. Ra4 b5 37. Rb4 Nxc4 38. Rxc6 Rxc6 39. Bxc6 Nd6 40. Rd4 Nf5 41. Rb4 Rb6 42. Bd5 Kg7 43. f4 Nd6 44. Kf2 Ra6 45. Rb3 Ra4 46. Kf3 Kf6 47. Bc6 Ra5 48. h4 h5 49. Bd7 Ke7 50. Bc6 Nf5 51. Rb4 Kd6 0-1

[Event "Israeli Open Championship 2019"]
[Site "Jerusalem"]
[Date "2019.12.13"]
[Round "2.11"]
[White "Gorodetzky, Matan"]
[Black "Kunin, Michael"]
[Result "1-0"]
[ECO "C09"]
[WhiteElo "2284"]
[BlackElo "2102"]
[Annotator "RC"]
[PlyCount "89"]
[EventDate "2019.12.12"]
[EventType "swiss"]
[EventCountry "ISR"]
[SourceTitle "playchess.com"]
[Source "ChessBase"]
[SourceQuality "1"]
[TimeControl "5400+30"]

1. e4 c5 2. Nf3 e6 3. c3 d5 4. exd5 exd5 5. d4 Bd6 6. Bb5+ Nc6 7. O-O Nge7 8. dxc5 Bxc5 9. Nbd2 Bg4 10. Nb3 Bb6 11. Re1 O-O 12. h3 Bh5 13. Be3 Bxe3 14. Rxe3 Nf5 15. Re1 Nd6 16. Be2 Nc4 17. g4 Bg6 18. Bxc4 dxc4 19. Qxd8 Raxd8 20. Nbd4 Nxd4 21. Nxd4 Rfe8 22. f3 Kf8 23. Kf2 a6 24. Rxe8+ Rxe8 25. Re1 Rxe1 26. Kxe1 Bb1 27. a3 g5 28. Kf2 Ke7 29. Ke3 Kd6 30. f4 h6 31. Nf3 f6 32. h4 gxh4 33. Nxh4 Kd5 34. f5 Bc2 35. Ng6 b5 36. Kf4 a5 37. Ne7+ Kc5 38. Ng8 b4 39. axb4+ axb4 40. Nxf6 bxc3 41. bxc3 Kb5 42. Ne4 Kc6 43. Ke5 Bd1 44. Nf2 Kd7 45. Nxd1 1-0

[Event "Israeli Open Championship 2019"]
[Site "Jerusalem"]
[Date "2019.12.13"]
[Round "2.13"]
[White "Cohen Revivo, Shoham"]
[Black "Nissim, Yonatan"]
[Result "1-0"]
[ECO "B38"]
[WhiteElo "2261"]
[BlackElo "2040"]
[Annotator "RC"]
[PlyCount "165"]
[EventDate "2019.12.12"]
[EventType "swiss"]
[EventCountry "ISR"]
[SourceTitle "playchess.com"]
[Source "ChessBase"]
[SourceQuality "1"]
[TimeControl "5400+30"]

1. e4 c5 2. Nf3 g6 3. d4 cxd4 4. Nxd4 Bg7 5. c4 Nc6 6. Be3 Nf6 7. Nc3 O-O 8. Be2 d6 9. O-O Bd7 10. Qd2 Nxd4 11. Bxd4 Bc6 12. f3 a5 13. Rfd1 Nd7 14. Be3 a4 15. Rac1 Nc5 16. Nd5 Bxd5 17. cxd5 Qa5 18. Qxa5 Rxa5 19. Rc2 b6 20. Bd2 Ra7 21. Bb5 Rfa8 22. Bc6 Rb8 23. Be3 h5 24. Kf1 Kh7 25. Ke2 Bh6 26. Bf2 g5 27. Rd4 a3 28. b4 Bg7 29. bxc5 Bxd4 30. Bxd4 bxc5 31. Be3 Kg6 32. Bc1 Rb1 33. Kd2 Ra6 34. Kc3 h4 35. h3 e6 36. e5 exd5 37. Bxd5 dxe5 38. Be3 Ra5 39. Re2 f5 40. Bc4 Kf6 41. Rd2 Rc1+ 42. Kb3 Rb1+ 43. Kc2 Rb2+ 44. Kc3 Rxd2 45. Bxd2 e4 46. fxe4 fxe4 47. Be3 Kf5 48. Be2 Kf6 49. Kc4 Kf5 50. Kd5 Ra8 51. Bg4+ Kf6 52. Bxc5 Rd8+ 53. Bd6 e3 54. Be2 Kf5 55. Bd3+ Kf6 56. Be2 Kf5 57. Bg4+ Kf6 58. Kc6 Re8 59. Be2 Ke6 60. Kc7 Kd5 61. Bxa3 Kd4 62. Bb2+ Ke4 63. a4 Ra8 64. Bb5 Rf8 65. Bc3 Rf2 66. Kb6 Rc2 67. Bb4 Rb2 68. Kc5 e2 69. a5 Ke3 70. a6 Rxb4 71. Bxe2 Ra4 72. Bb5 Ra2 73. Kb6 Kf4 74. a7 Rxa7 75. Kxa7 Kg3 76. Bc6 g4 77. hxg4 Kxg4 78. Bd7+ Kg3 79. Bh3 Kf4 80. Kb6 Ke5 81. Kc5 Ke4 82. Kc4 Ke3 83. Kd5 1-0

[Event "Israeli Open Championship 2019"]
[Site "Jerusalem"]
[Date "2019.12.13"]
[Round "2.16"]
[White "Klein, Achi"]
[Black "Gruzman, Ilya"]
[Result "0-1"]
[ECO "B12"]
[WhiteElo "1622"]
[BlackElo "1889"]
[Annotator "NA RC"]
[PlyCount "58"]
[EventDate "2019.12.12"]
[EventType "swiss"]
[EventCountry "ISR"]
[SourceTitle "playchess.com"]
[Source "ChessBase"]
[SourceQuality "1"]
[TimeControl "5400+30"]

1. e4 c6 2. d4 d5 3. e5 Bf5 4. h4 h5 5. c4 e6 6. Nc3 Ne7 7. Bd3 {[%emt 0:01:10] B12: Caro-Kann: Advance Variation} (7. Nge2 Nd7 8. Ng3 Bg6 9. Bg5 Qb6 10. Rc1 Qxb2 11. Bd3 Bxd3 12. Qxd3 dxc4 13. Qxc4 Nb6 14. Qd3 Ned5 {½-½ (29) Perunovic,M (2569)-Donchenko,A (2631) Barcelona 2019}) 7... Bxd3 8. Qxd3 Nf5 9. Nf3 Be7 10. g3 dxc4 11. Qxc4 Nd7 12. Ne4 $146 ({Predecessor:} 12. O-O Nb6 13. Qd3 O-O 14. Rd1 Nd5 {1-0 (51) Terbe,J (2183)-Bakin,A (2176) Budapest 2016}) 12... Nb6 13. Qc3 Qd5 14. Nc5 $2 (14. Qd3 $15) 14... O-O-O $2 (14... Bxc5 15. dxc5 Qe4+ 16. Kf1 Na4) 15. Nb3 $2 (15. O-O {nothing else works.}) 15... Bb4 (15... Qe4+ $142 16. Kf1 Nd5) 16. Qxb4 Qe4+ 17. Kf1 Qxf3 {[%emt 0:00:23] Decoy} 18. Rg1 Qd3+ 19. Kg2 Nxd4 20. Nxd4 Rxd4 21. Qa5 (21. Qe7 {was worth a try.} Qe4+ 22. Kh2) 21... Ra4 22. Qc5 Nd7 23. Qe7 $2 (23. Qe3 Qd5+ {[%mdl 64] Double Attack} 24. Qf3) 23... Nxe5 24. Bf4 Qf3+ 25. Kf1 Rxf4 26. gxf4 {[%emt 0:00:56] [#]} Nd3 $1 {[%emt 0:00:34] Double Attack} 27. Rg2 Nxf4 28. Rxg7 Qh3+ 29. Ke1 Qd3 0-1

[Event "Israeli Open Championship 2019"]
[Site "Jerusalem"]
[Date "2019.12.13"]
[Round "2.17"]
[White "Bulkovstein, David"]
[Black "Kfir, Itzhak"]
[Result "1-0"]
[ECO "B23"]
[WhiteElo "1889"]
[BlackElo "1528"]
[Annotator "NA RC"]
[PlyCount "55"]
[EventDate "2019.12.12"]
[EventType "swiss"]
[EventCountry "ISR"]
[SourceTitle "playchess.com"]
[Source "ChessBase"]
[SourceQuality "1"]
[TimeControl "5400+30"]

1. e4 c5 2. Nc3 d6 3. g3 Nf6 4. Bg2 e5 (4... Nc6 5. d3 g6 6. Nge2 h5 7. h3 Nd4 8. Be3 e5 9. Qd2 Qa5 10. O-O Be7 11. f4 h4 12. fxe5 Nxe2+ 13. Qxe2 Nh5 {1-0 (48) Piorun,K (2625)-Lewtak,D (2411) Trzcianka 2018}) 5. d3 Be7 6. Nge2 {[%emt 0:01:07] B23: Closed Sicilian: Lines without g3} O-O 7. O-O Be6 8. f4 $146 ({Predecessor:} 8. Be3 Nc6 9. a3 a6 10. Qd2 b5 11. Na2 Rc8 {0-1 (21) Lantman,R-De Oliveira,J Joao Pessoa 2011}) 8... exf4 9. gxf4 Nc6 10. Kh1 Rc8 11. f5 Bd7 12. Be3 Ne5 13. Nf4 Bc6 14. Qe1 Nfg4 15. Bg1 Bh4 16. Qe2 Qg5 17. Nh3 Qe7 18. Bf3 h5 19. Be3 f6 (19... b5 $11) 20. Bxg4 Nxg4 (20... hxg4 $14 21. Nf4 Qd7) 21. Nf4 Be8 (21... Nxe3 {might work better.} 22. Ng6 (22. Qxe3 Bg5 $16) 22... Qc7) 22. Ne6 Rf7 $2 (22... g5 23. Nd5 (23. Nxf8 Qxf8 24. Nd5 Bc6 $18) 23... Qf7 24. Nxf8 Qxf8) 23. Nd5 Qd7 24. Bd2 Qc6 $2 (24... Re7 25. Qf3 Rxe6) 25. h3 Ne5 26. Qxh5 $18 Bg5 27. Bxg5 fxg5 28. Nxg5 1-0

[Event "Israeli Open Championship 2019"]
[Site "Jerusalem"]
[Date "2019.12.13"]
[Round "2.18"]
[White "Levitan, Ronit"]
[Black "Blumenthal, Michael"]
[Result "1-0"]
[ECO "B22"]
[WhiteElo "1876"]
[BlackElo "1460"]
[Annotator "NA RC"]
[PlyCount "35"]
[EventDate "2019.12.12"]
[EventType "swiss"]
[EventCountry "ISR"]
[SourceTitle "playchess.com"]
[Source "ChessBase"]
[SourceQuality "1"]
[TimeControl "5400+30"]

1. e4 c5 2. c3 Nf6 3. e5 Nd5 4. d4 cxd4 5. cxd4 g6 6. Nf3 Bg7 7. h4 h5 (7... d6 $11) 8. Qb3 e6 9. Nc3 Ne7 10. Ne4 Nf5 11. Bg5 Qa5+ 12. Bd2 Qd8 13. d5 d6 $2 (13... O-O $16) 14. Bb5+ Bd7 15. dxe6 Bxb5 (15... fxe6 $142 16. Nfg5 Nc6 17. Nxe6 Qe7) 16. Qxb5+ {[%emt 0:00:35] Double Attack} Nc6 17. Qxb7 Nce7 $18 18. exd6 1-0

[Event "Israeli Open Championship 2019"]
[Site "Jerusalem"]
[Date "2019.12.15"]
[Round "3.3"]
[White "Mikhalevski, Victor"]
[Black "Gorodetzky, Matan"]
[Result "1-0"]
[ECO "D30"]
[WhiteElo "2559"]
[BlackElo "2284"]
[Annotator "RC"]
[PlyCount "53"]
[EventDate "2019.12.12"]
[EventType "swiss"]
[EventCountry "ISR"]
[SourceTitle "playchess.com"]
[Source "ChessBase"]
[SourceQuality "1"]
[TimeControl "5400+30"]

1. c4 e6 2. d4 d5 3. Nf3 c5 4. cxd5 exd5 5. Bg5 Be7 6. Bxe7 Nxe7 7. dxc5 Qa5+ 8. Nc3 Qxc5 9. e3 Nbc6 10. Qa4 O-O 11. Bb5 Rd8 12. Rd1 Be6 13. O-O a6 14. Bxc6 Nxc6 15. Rd2 Qc4 16. Rc1 Qxa4 17. Nxa4 Na5 18. b3 Rac8 19. Rcd1 b5 20. Nb6 Rc6 21. Nxd5 Kf8 22. e4 Nb7 23. Nd4 Rcd6 24. Nc7 Bc8 25. e5 Rb6 26. f4 Ke7 27. Nf5+ 1-0